 Dungeon Crawl Stone Soup version 0.31-a0-977-gc230f8ef24 (webtiles) character file.

Game seed: 16167396263169231496

9419 CowFu the Carver (level 11, -8/87 HPs)
             Began as a Yellow Draconian Monk on Oct 29, 2023.
             Was a High Priest of Hepliaklqana.
             Mangled by a sixfirhy (10 damage)
             ... summoned by a kobold demonologist
             ... on level 10 of the Dungeon.
             The game lasted 00:13:13 (9167 turns).

CowFu the Carver (Yellow Draconian Monk)            Turns: 9167, Time: 00:13:14

Health: -8/87      AC: 11    Str: 15    XL:     11   Next: 22%
Magic:  0/11       EV: 16    Int: 16    God:    Hepliaklqana [*****.]
Gold:   242        SH:  0    Dex: 17    Spells: 10/10 levels left

rFire   . . .        g - +4 scimitar (flame)
rCold   . . .        c - orb {light}
rNeg    . . .        (body armour unavailable)
rPois   .            (helmet restricted)
rElec   .            (no cloak)
rCorr   +            o - +2 pair of gloves
SInv    .            r - +0 pair of boots
Will    .....        h - amulet of guardian spirit
Stlth   +            l - +6 ring of intelligence
HPRegen 0.34/turn    (no ring)
MPRegen 0.12/turn

%: guardian spirit
@: glowing
A: reduced essence, spit acid, AC +7, unfitting armour, cold-blooded, acid
resistance
a: Breathe Acid, Renounce Religion, Recall Ancestor, Ancestor Identity,
Transference, Idealise


You were on level 10 of the Dungeon.
You worshipped Hepliaklqana.
Hepliaklqana was extremely pleased with you.
You visited 2 branches of the dungeon, and saw 11 of its levels.
You also visited: Bailey.

You collected 332 gold pieces.
You spent 90 gold pieces at shops.

Inventory:

Hand Weapons
 a - a +0 falchion
 b - a +2 short sword of flaming
 g - a +4 scimitar of flaming (weapon)
 D - a +0 scimitar of protection
Armour
 c - an orb of light (worn)
 m - a +0 kite shield
 o - a +2 pair of gloves (worn)
 r - a +0 pair of boots (worn)
 y - an orb of mayhem
Jewellery
 h - an amulet of guardian spirit (around neck)
 l - a +6 ring of intelligence (left hand)
 p - a ring of ice
Wands
 t - a wand of paralysis (11)
 u - a wand of roots (3)
Scrolls
 f - a scroll of torment
 i - a scroll of fog
 n - 6 scrolls of teleportation
 A - 2 scrolls of identify
 B - a scroll of enchant armour
 C - 2 scrolls of immolation
Potions
 d - 2 potions of invisibility
 e - 6 potions of curing
 j - 2 potions of might
 k - a potion of berserk rage
 q - a potion of ambrosia
 s - 2 potions of magic
 v - a potion of cancellation
 w - a potion of haste
 x - a potion of heal wounds
 z - a potion of lignification {unknown}


   Skills:
 + Level 9.0 Fighting
 - Level 14.0 Long Blades
 + Level 8.0 Dodging


You had 10 spell levels left.
You didn't know any spells.
Your spell library contained the following spells:

 Spells                   Type           Power      Damage    Failure   Level
 Lesser Beckoning         Tloc           0%         N/A       36%         2
 Gell's Gravitas          Tloc           0%         N/A       58%         3
 Inner Flame              Hex/Fire       0%         N/A       58%         3
 Ozocubu's Armour         Ice            0%         N/A       58%         3
 Teleport Other           Tloc           0%         N/A       58%         3
 Yara's Violent Unravell  Hex/Tmut       0%         3d3       100%        5
 Enfeeble                 Hex            0%         N/A       100%        7
 Ozocubu's Refrigeration  Ice            0%         4d7       100%        7


Dungeon Overview and Level Annotations

Branches:
Dungeon (10/15)            Temple (1/1) D:4            Lair (0/5) D:8
 Bailey (visited)
    Orc: D:9-12

Altars:
Ashenzari
Cheibriados
Elyvilon
Fedhas
Gozag
Hepliaklqana
Kikubaaqudgha
Makhleb
Nemelex Xobeh
Okawaru
Qazlal
Ru
Sif Muna
Trog
Uskayaw
Vehumet
Wu Jian
Xom
Zin
The Shining One

Shops:
D:2 !

Annotations:
Temple 2 transporters


Innate Abilities, Weirdness & Mutations

Your life essence is reduced to manifest your ancestor. (-10% HP)
You can spit globs of acid.
Your golden yellow scales are hard. (AC +7)
You cannot fit into any form of body armour.
You are cold-blooded and may be slowed by cold attacks.
You are resistant to acid. (rCorr)


Message History

Your Fighting skill increases to level 9!
Your Dodging skill increases to level 8!
You feel sick.
The kobold demonologist looks encouraged for a moment.
You feel sick.
You are no longer poisoned.
The kobold demonologist hits AncientOne with a +0 dagger.
The sixfirhy closely misses you. The sixfirhy hits you!
The sixfirhy shocks you! The sixfirhy hits you. The sixfirhy shocks you!
The sixfirhy hits you but does no damage.
The kobold demonologist mumbles some strange words.
The kobold demonologist begins to cast a cantrip, but forgets the words!
Something blocks the quasit's attack.
The quasit claws something but does no damage.
Something blocks the quasit's attack.
The sixfirhy hits you but does no damage.
The sixfirhy hits you! The sixfirhy shocks you!
* * * LOW HITPOINT WARNING * * *
The sixfirhy hits you!
* * * LOW HITPOINT WARNING * * *
The sixfirhy shocks you!
* * * LOW HITPOINT WARNING * * *
The sixfirhy barely misses you.
AncientOne blocks the quasit's attack.
The quasit claws AncientOne but does no damage. x2
AncientOne closely misses the quasit.
AncientOne blocks the quasit's attack.
The quasit misses AncientOne.
AncientOne blocks the quasit's attack.
AncientOne hits the quasit with a +0 flail.
AncientOne blocks the quasit's attack. x2
The quasit closely misses AncientOne. x2
The quasit claws AncientOne but does no damage.
AncientOne blocks the quasit's attack.
There is a stone staircase leading up here.
The sixfirhy hits you but does no damage.
The sixfirhy hits you!
* * * LOW HITPOINT WARNING * * *
The sixfirhy shocks you!
You die...

[.K4K #..# #.....†.........
..... #..# #.....†.........
...K5######..# #...............
...)54K...4..# #.[.............
..>.KK...5R..# #...............
.....######..###...............
###.. #......)............. #..
#.................... #..
#....3@.........##### #..
#...............# #..
#...............#
#...............#
#...............#
#.............. #..............
#.............


You could see the friendly AncientOne the knight, a sixfirhy (summoned), a chaos
spawn (summoned) and a quasit (summoned, ally target).

Vanquished Creatures
  Erica (D:8)
  2 two-headed ogres (D:9)
  Jeremiah (D:8)
  A gargoyle (Bailey)
  A wraith (D:9)
  2 wyverns (D:8)
  10 yaks
  2 vampires
  A steam dragon (D:10)
  An acid dragon (D:9)
  3 water moccasins
  An ice beast (D:6)
  2 orc warriors (D:9)
  A sky beast (D:7)
  3 centaurs
  A phantom (D:4)
  A kobold brigand (D:10)
  3 bullfrogs
  2 scorpions
  3 wights (D:9)
  9 killer bees
  7 vampire bats (Bailey)
  2 howler monkeys
  3 wolf zombies (Bailey)
  2 orc priests (D:9)
  3 sleepcaps
  2 hounds (D:4)
  4 iguanas
  10 orc wizards
  7 gnolls
  4 adders
  6 white imps
  2 ufetubi (D:4)
  22 orcs
  9 ball pythons
  6 endoplasms
  2 giant cockroaches (D:3)
  7 goblins
  3 hobgoblins
  4 jackals
  9 kobolds
  2 quokkas (D:4)
  2 bats
  2 frilled lizards (D:3)
  17 orc zombies (Bailey)
  3 rats
191 creatures vanquished.

Vanquished Creatures (collateral kills)
  A yak (D:8)
  A basilisk (D:8)
  3 ice beasts
  A black bear (D:6)
  2 ogres (D:5)
  A kobold brigand (D:10)
  A gnoll sergeant (D:7)
  A scorpion (D:5)
  5 killer bees
  A howler monkey (D:5)
  A vampire bat (Bailey)
  A jelly (D:8)
  A gnoll bouda (D:8)
  A sleepcap (D:7)
  An iguana (D:5)
  3 gnolls
  An adder (D:5)
  2 shadow imps
  7 orcs
  A goblin (D:8)
  A kobold (D:10)
  A quokka (D:5)
  3 orc zombies (Bailey)
41 creatures vanquished.

Grand Total: 232 creatures vanquished

Notes
Turn   | Place    | Note
-------+----------+-------------------------------------------
     0 | D:1      | CowFu the Draconian Monk began the quest for the Orb.
     0 | D:1      | Reached XP level 1. HP: 19/19 MP: 1/1
   606 | D:1      | Reached XP level 2. HP: 23/26 MP: 2/2
   937 | D:2      | Reached skill level 4 in Long Blades
  1010 | D:2      | You fall into a shaft and drop 1 floor!
  1158 | D:3      | Reached XP level 3. HP: 31/31 MP: 3/3
  1172 | D:3      | Found a hide-covered altar of Uskayaw.
  1438 | D:2      | Found Gatwoz's Distillery.
  1446 | D:2      | Bought a potion of might for 40 gold pieces
  1446 | D:2      | Bought a potion of berserk rage for 50 gold pieces
  2134 | D:4      | Noticed a phantom
  2146 | D:4      | Killed a phantom
  2147 | D:4      | Reached skill level 5 in Long Blades
  2147 | D:4      | Reached XP level 4. HP: 24/38 MP: 2/4
  2283 | D:4      | Reached skill level 6 in Long Blades
  2283 | D:4      | Reached XP level 5. HP: 13/45 MP: 1/5
  2441 | D:4      | Found a staircase to the Ecumenical Temple.
  2464 | Temple   | Found a transporter.
  2464 | Temple   | Found a transporter.
  2464 | Temple   | Found a transporter.
  2464 | Temple   | Found a transporter.
  2464 | Temple   | Entered the Ecumenical Temple
  2484 | Temple   | Became a worshipper of Hepliaklqana the Forgotten
  2484 | Temple   | Reached * piety under Hepliaklqana
  2484 | Temple   | Reached ** piety under Hepliaklqana
  2495 | Temple   | Remembered your ancestor AncientOne as a knight
  2680 | D:4      | Found an ancient bone altar of Kikubaaqudgha.
  2683 | D:4      | Found a white marble altar of Elyvilon.
  3276 | D:5      | Entered Level 5 of the Dungeon
  3287 | D:5      | Reached XP level 6. HP: 41/45 MP: 4/6
  3473 | D:5      | Noticed an ice beast
  3475 | D:5      | Reached skill level 7 in Long Blades
  3483 | D:5      | Killed an ice beast
  3484 | D:5      | Your scales start taking on a golden yellow colour.
  3484 | D:5      | Reached XP level 7. HP: 53/54 MP: 7/7
  3484 | D:5      | Gained mutation: You are resistant to acid. (rCorr) [Yellow
                  | Draconian growth]
  3543 | D:5      | Reached *** piety under Hepliaklqana
  3546 | D:5      | Reached skill level 5 in Fighting
  3892 | D:6      | Reached skill level 8 in Long Blades
  3892 | D:6      | Reached XP level 8. HP: 61/61 MP: 8/8
  3967 | D:6      | Reached skill level 5 in Dodging
  4160 | D:6      | Reached skill level 9 in Long Blades
  4838 | D:7      | Reached skill level 10 in Long Blades
  5306 | D:7      | Reached XP level 9. HP: 58/66 MP: 9/9
  5372 | D:7      | Reached **** piety under Hepliaklqana
  6215 | D:8      | Noticed Erica
  6228 | D:8      | Killed Erica
  6229 | D:8      | Reached skill level 11 in Long Blades
  6229 | D:8      | Found a flagged portal.
  6251 | D:8      | Reached skill level 12 in Long Blades
  6319 | Bailey   | Entered a bailey
  6472 | Bailey   | Noticed a gargoyle
  6480 | Bailey   | Killed a gargoyle
  6751 | Bailey   | Reached skill level 13 in Long Blades
  6942 | D:8      | Found a staircase to the Lair.
  6949 | D:8      | Reached XP level 10. HP: 47/72 MP: 3/10
  7295 | D:8      | Reached skill level 14 in Long Blades
  7443 | D:8      | Noticed Jeremiah
  7459 | D:8      | Killed Jeremiah
  7795 | D:8      | Found a shimmering altar of Xom.
  7804 | D:8      | Found a blossoming altar of Fedhas.
  7886 | D:9      | Noticed a two-headed ogre
  7894 | D:9      | Killed a two-headed ogre
  8103 | D:9      | Noticed a two-headed ogre
  8113 | D:9      | Killed a two-headed ogre
  8114 | D:9      | Reached XP level 11. HP: 73/84 MP: 8/11
  9020 | D:10     | Entered Level 10 of the Dungeon
  9144 | D:10     | Reached ***** piety under Hepliaklqana
  9148 | D:10     | Noticed a sixfirhy
  9167 | D:10     | HP: 2/87 [sixfirhy[a kobold demonologist] (5)]
  9167 | D:10     | Mangled by a sixfirhy

Illustrated notes

Levels and vault maps discovered:
D:1:      elethiomel_arrival_maze, layout_basic, amcnicky_mini_pool_small
D:2:      layout_rooms, serial_shops, shop
D:3:      layout_loops_cross, mainiacjoe_overflow_brackets
D:4:      layout_loops_ring, nicolae_overflow_squiral,
          minmay_temple_entry_glassed_door, chequers_arboretum,
          minmay_tree_intersection
D:5:      layout_rooms
D:6:      layout_loops_ring, abandoned_shop
D:7:      layout_basic
D:8:      layout_basic, mainiacjoe_overflow_swirl, minmay_lair_entry_grove,
          lightli_bailey_entry_fortress, uniq_erica, uniq_jeremiah
D:9:      layout_basic
D:10:     layout_long_grid, mainiacjoe_overflow_catch_the_wave,
          gammafunk_ghost_nasty_kobolds
Temple:   hellmonk_temple_divided_pantheon

Skill      XL: |  1  2  3  4  5  6  7  8  9 10 11 |
---------------+----------------------------------+-----
Long Blades    | 4 5 6 7 8 10 13 14 | 14.0
Dodging        | 3 4 5 7 8 |  8.0
Fighting       | 4 5 8 9 |  9.0

Action                     |  1- 3 |  4- 6 |  7- 9 | 10-12 || total
---------------------------+-------+-------+-------+-------++-------
  Melee: Falchion          |   100 |    87 |   199 |       ||   386
         Tailslap          |    15 |    18 |    64 |    34 ||   131
         Scimitar          |       |       |    80 |   171 ||   251
 Invoke: Ancestor Life: Kn |       |     1 |       |       ||     1
         Ancestor Identity |       |     1 |       |       ||     1
Ability: Breathe Acid      |       |       |     1 |     1 ||     2
    Use: Scroll            |       |       |    12 |     5 ||    17
         Potion            |       |       |       |     1 ||     1
   Stab: Distracted        |       |       |     1 |       ||     1
 Armour: Skin              |    56 |    62 |   183 |   112 ||   413
  Dodge: Dodged            |    61 |    68 |   197 |   146 ||   472

Table legend: (Time is in decaauts)
 A = Elapsed time spent in this place.
 B = Non-inter-level travel time spent in this place.
 C = Inter-level travel time spent in this place.
 D = Time resting spent in this place.
 E = Time spent auto-exploring this place.
 F = Levels seen in this place.
 G = Mean time per level.
                   A        B        C        D        E       F      G
               +--------+--------+--------+--------+--------+-----+--------+
         Total |   9078 |   8784 |    294 |      0 |   7352 |  12 |  756.5 |
       Dungeon |   8448 |   8172 |    276 |      0 |   6892 |  10 |  844.8 |
        Temple |     41 |     23 |     18 |      0 |      0 |   1 |   41.0 |
        Bailey |    588 |    588 |      0 |      0 |    460 |   1 |  588.0 |
               +--------+--------+--------+--------+--------+-----+--------+

Top non-repeatable levels by time:
     D:7: 1501 daAuts
     D:4: 1116 daAuts
     D:9: 1112 daAuts
     D:1: 936 daAuts
     D:6: 928 daAuts
     D:8: 916 daAuts
     D:3: 833 daAuts
     D:5: 604 daAuts
  Bailey: 588 daAuts
     D:2: 357 daAuts
    D:10: 142 daAuts
  Temple: 41 daAuts
